AoeStats
← MooseMooch

Arena

509196015Analyzed
1v1 RM · 6d ago on Sep 25, 2026· 60m 55s· 2 players
Game mode
Random Map
Map size
Tiny (2 player)
Population
200
Speed
Normal
Resources
Standard
Victory
Conquest
Starting age
Dark Age
Ending age
Imperial Age
RankedLock teamsTeams togetherTeam positionsShared explorationLock speedFull tech treeHidden civsTurbo modeCheats
Victory
Defeat
🇵🇰 Burgundians · Pakistan
1278
+16
🇩🇪 Portuguese · Germany
1284
-16
Serpent23
1:17 Loom
3:25 Double-Bit Axe
9:20 Horse Collar
11:12 Feudal Age
12:07 Loom
15:01 Castle Age
14:12 Bow Saw
17:07 Arson
18:28 Light Cavalry
21:41 Heavy Plow
25:11 Loom
27:48 Wheelbarrow
30:57 Imperial Age
28:51 Treadmill Crane
29:02 Fletching
29:12 Stone Mining
29:59 Hand Cart
29:29 Town Watch
29:12 Pikeman
29:53 Squires
29:54 Scale Mail Armor
30:04 Bodkin Arrow
30:19 Forging
31:34 Two-Man Saw
31:39 Bracer
32:41 Chemistry
32:24 Padded Archer Armor
32:49 Chain Mail Armor
33:36 Crop Rotation
33:33 Conscription
33:33 Gold Mining
34:49 Leather Archer Armor
35:46 Town Patrol
36:09 Forging
36:40 Ballistics
36:42 Masonry
37:16 Plate Mail Armor
37:41 Iron Casting
37:45 Husbandry
37:50 Scale Barding Armor
43:32 Chain Barding Armor
44:14 Architecture
43:40 Murder Holes
45:02 Gold Shaft Mining
45:19 Fortified Wall
44:41 Elite Skirmisher
46:48 Burgundian Vineyards
46:49 Hussar
53:05 Plate Barding Armor
55:23 Blast Furnace
59:07 Guilds
MooseMooch
11:19 Feudal Age
12:28 Double-Bit Axe
15:20 Castle Age
13:26 Horse Collar
15:38 Light Cavalry
16:38 Bow Saw
18:06 Heavy Plow
24:00 Wheelbarrow
23:11 Loom
28:36 Imperial Age
25:31 Pikeman
27:19 Scale Mail Armor
27:40 Hand Cart
28:41 Halberdier
30:24 Chemistry
30:55 Chain Mail Armor
31:41 Two-Man Saw
31:10 Treadmill Crane
32:13 Plate Mail Armor
31:57 Stone Mining
31:59 Gold Mining
33:30 Padded Archer Armor
34:42 Leather Archer Armor
35:00 Masonry
35:39 Crop Rotation
35:37 Conscription
35:17 Arquebus
36:33 Ring Archer Armor
36:37 Architecture
38:15 Ballistics
38:04 Scale Barding Armor
39:52 Chain Barding Armor
39:43 Forging
40:01 Siege Engineers
41:10 Fletching
43:53 Husbandry
44:04 Bloodlines
44:30 Plate Barding Armor
43:53 Bodkin Arrow
45:53 Guilds
49:18 Iron Casting
Connection lost

Rejoining the realm…

Still unreachable

The connection could not be restored.

Session expired

The server has moved on; the page needs a fresh start.